 Dungeon Crawl Stone Soup version 0.30-a0-364-gf6b3ef1049 (webtiles) character file.

Game seed: 7736883919636096602

18105 koil the Grappler (level 12, -15/120 HPs)
             Began as a Troll Berserker on Nov 16, 2022.
             Was a High Priest of Trog.
             Killed from afar by a deep elf pyromancer (24 damage)
             ... with a bolt of fire
             ... on level 12 of the Dungeon.
             The game lasted 00:29:53 (10290 turns).

koil the Grappler (Troll Berserker)                Turns: 10290, Time: 00:29:55

Health: -15/120    AC: 11    Str: 38    XL:     12   Next: 24%
Magic:  11/11      EV: 12    Int:  3    God:    Trog [*****.]
Gold:   767        SH:  0    Dex:  9    Spells: 11/11 levels left

rFire   . . .      SeeInvis .      - Unarmed
rCold   . . .      Faith    .    (no shield)
rNeg    . . .      Spirit   .    (body armour restricted)
rPois   .          Reflect  .    C - +2 hat
rElec   .          Harm     .    q - +2 cloak
rCorr   .          Rampage  .    (gloves unavailable)
Will    .....                    (boots unavailable)
Stlth   +.........               o - amulet of the acrobat
HPRegen 1.20/turn                r - +4 ring of protection
MPRegen 0.12/turn                I - +6 ring of strength

@: spiked
A: large, unfitting armour, claws 3, regeneration 1, shaggy fur 1, tough skin 1
a: Renounce Religion, Berserk, Trog's Hand, Brothers in Arms


You were on level 12 of the Dungeon.
You worshipped Trog.
Trog was extremely pleased with you.
You visited 2 branches of the dungeon, and saw 13 of its levels.
You also visited: Sewer.

You collected 767 gold pieces.

Inventory:

Hand Weapons
 g - a +2 double sword of protection
 G - the +3 great mace "Ytokogg" {drain, *Noise rF+ rN+ Str+2}
   (You took it off an ogre on level 6 of the Dungeon)

   A truly terrible weapon, it drains the life of any living foe it strikes.
   Str:       It affects your strength (+2).
   rF:        It protects you from fire.
   rN:        It protects you from negative energy.
   *Noise:    It may make noises in combat.
Missiles
 a - a curare-tipped dart {!f}
 h - 7 javelins
 m - 20 poisoned darts (quivered)
 n - 10 throwing nets {!f}
Armour
 q - a +2 cloak (worn)
 u - a +0 troll leather armour
 y - a scarf of resistance
 C - a +2 hat (worn)
 O - a +2 robe
Jewellery
 o - an amulet of the acrobat (around neck)
 r - a +4 ring of protection (left claw)
 F - an amulet of magic regeneration
 I - a +6 ring of strength (right claw)
Wands
 c - a wand of quicksilver (5)
 j - a wand of flame (15)
 D - a wand of polymorph (6)
 K - a wand of paralysis (24)
Scrolls
 b - a scroll of enchant armour
 e - 3 scrolls of teleportation
 f - a scroll of silence
 i - a scroll of identify
 l - a scroll of magic mapping
 p - 2 scrolls of fear
Potions
 d - a potion of flight
 k - 2 potions of ambrosia
 s - 3 potions of lignification
 t - 6 potions of curing
 v - 3 potions of heal wounds
 w - 5 potions of haste
 x - a potion of cancellation
 J - 2 potions of magic


   Skills:
 + Level 8.2 Fighting
 + Level 7.6 Armour
 + Level 8.1 Dodging
 * Level 13.2 Unarmed Combat


You had 11 spell levels left.
You didn't know any spells.
Your spell library was empty.

Dungeon Overview and Level Annotations

Branches:
Dungeon (12/15)            Temple (1/1) D:7            Lair (0/5) D:11
    Orc (0/2) D:9           Sewer (visited)

Altars:
Ashenzari
Cheibriados
Dithmenos
Elyvilon
Fedhas
Gozag
Hepliaklqana
Kikubaaqudgha
Makhleb
Nemelex Xobeh
Okawaru
Qazlal
Ru
Sif Muna
Uskayaw
Vehumet
Wu Jian
Xom
Yredelemnul
Zin
The Shining One

Shops:
D:4 :*   D:8 :

Annotations:
D:10 exclusion: oklob plant


Innate Abilities, Weirdness & Mutations

You are too large for most types of armour.
You have claws for hands.
Your natural rate of healing is unusually fast.
You are covered in fur. (AC +1)
You have tough skin. (AC +1)


Message History

Unknown command.
The barbs in your skin will harm you if you move.
Continue?
A deep elf pyromancer comes into view. It is wielding a +0 long sword.
The barbed spikes dig painfully into your body as you move.
The deep elf pyromancer shouts!
The gargoyle closely misses you.
Unknown command.
You scratch the gargoyle but do no damage.
The gargoyle hurls a stone arrow at you.
The stone arrow misses you.
You scratch the gargoyle.
The gargoyle is lightly damaged.
The manticore bites you!
The manticore claws you but does no damage. x2
The deep elf pyromancer points at you and mumbles some strange words.
The sticky flame hits you but does no damage.
You are covered in liquid flames!
The gargoyle hits you with a +1 mace of protection!
You mangle the gargoyle!!
You destroy the gargoyle!
Trog accepts your kill.
You are covered in liquid flames!
You are no longer on fire.
The manticore bites you! The manticore claws you!
* * * LOW HITPOINT WARNING * * *
The manticore closely misses you.
You scratch the manticore but do no damage.
You scratch the manticore but do no damage.
The manticore bites you!!
* * * LOW HITPOINT WARNING * * *
The manticore barely misses you. The manticore claws you.
* * * LOW HITPOINT WARNING * * *
You barely miss the manticore. You claw the manticore!
The manticore is moderately wounded.
The manticore misses you.
The manticore claws you but does no damage.
The manticore barely misses you.
The deep elf pyromancer casts a spell at you.
The bolt of fire hits you!!
You die...

########################
........................
################..######
#..# #..# #..# ###
#######..# ...
......H@.# ...
......)..e..... ...
............... ###
#..############ #. # ###
... ...


You could see a manticore and a deep elf pyromancer.

Vanquished Creatures
  Harold (D:11)
  A boulder beetle (D:12)
  Erica (D:8)
  2 two-headed ogres
  Urug (D:10)
  The ghost of Palms the Conjurer, a novice DrCj of Vehumet (D:8)
  Lodul (D:10)
  A glowing orange brain (shapeshifter) (D:8)
  A manticore (D:12)
  A cyclops (D:11)
  3 gargoyles
  An unseen horror (D:10)
  8 trolls
  2 shadows (D:11)
  16 yaks
  2 wyverns
  Eustachio (D:6)
  2 acid dragons (D:10)
  3 water moccasins (D:11)
  2 sky beasts
  3 orc warriors
  2 ice beasts
  2 black bears
  15 ogres
  7 centaurs
  2 kobold brigands
  8 bullfrogs
  A necrophage (D:6)
  A gnoll sergeant (D:9)
  6 scorpions
  13 wights
  A killer bee (D:8)
  3 howler monkeys
  4 jellies
  4 hounds
  3 orc priests
  3 gnoll boudas
  An iguana (D:5)
  9 orc wizards
  25 gnolls
  9 adders
  2 river rats
  4 shadow imps
  2 white imps
  An ufetubus (D:5)
  3 worms
  The ghost of blackman the Sneak, a weakling HuDe (D:6)
  A dart slug (D:1)
  21 orcs
  5 ball pythons
  7 bats
  11 endoplasms
  10 giant cockroaches
  10 goblins
  9 hobgoblins
  8 jackals
  20 kobolds
  6 quokkas
  5 frilled lizards
  36 rats
  12 fungi
  16 plants
363 creatures vanquished.

Notes
Turn   | Place    | Note
-------+----------+-------------------------------------------
     0 | D:1      | koil the Troll Berserker began the quest for the Orb.
     0 | D:1      | Reached XP level 1. HP: 22/22 MP: 0/0
    46 | D:1      | Found a faded altar of an unknown god.
   110 | D:1      | Reached XP level 2. HP: 29/29 MP: 1/1
   656 | D:1      | Reached XP level 3. HP: 36/36 MP: 2/2
   660 | D:1      | Reached ** piety under Trog
   787 | D:2      | Reached skill level 1 in Armour
   864 | D:2      | Reached XP level 4. HP: 44/44 MP: 3/3
  1247 | D:3      | Reached skill level 4 in Unarmed Combat
  1255 | D:3      | Reached *** piety under Trog
  1414 | D:3      | Reached XP level 5. HP: 48/53 MP: 4/4
  1705 | D:3      | Found a shimmering blue altar of Sif Muna.
  1921 | D:4      | Noticed a centaur
  1933 | D:4      | Killed a centaur
  2001 | D:4      | HP: 10/53 [gnoll/+0 spear (5)]
  2004 | D:4      | Reached XP level 6. HP: 20/61 MP: 5/5
  2061 | D:4      | Found Fexkukhla's Book Emporium.
  2125 | D:4      | Found a glowing drain.
  2133 | Sewer    | Entered a sewer
  2664 | D:4      | Found a sacrificial altar of Ru.
  2690 | D:4      | Found Amekochu's Assorted Antiques.
  2698 | D:4      | Reached skill level 5 in Unarmed Combat
  2739 | D:4      | Reached **** piety under Trog
  3040 | D:4      | Found a sparkling altar of Nemelex Xobeh.
  3040 | D:4      | Found an opulent altar of Gozag.
  3041 | D:4      | Found an ancient bone altar of Kikubaaqudgha.
  3257 | D:4      | Reached XP level 7. HP: 40/68 MP: 6/6
  3632 | D:5      | Entered Level 5 of the Dungeon
  3644 | D:5      | Found a shadowy altar of Dithmenos.
  3652 | D:5      | Reached skill level 6 in Unarmed Combat
  3724 | D:5      | Reached ***** piety under Trog
  3860 | D:5      | Reached XP level 8. HP: 78/78 MP: 7/7
  3940 | D:5      | Found a basalt altar of Yredelemnul.
  4090 | D:5      | Found a glowing silver altar of Zin.
  4096 | D:5      | Reached skill level 7 in Unarmed Combat
  4341 | D:6      | Found a transporter.
  4341 | D:6      | Identified the +3 great mace "Ytokogg" {drain, *Noise rF+
                  | rN+ Str+2}
  4341 | D:6      | Noticed blackman's ghost (weakling HuDe)
  4363 | D:6      | Found a transporter.
  4429 | D:6      | Found an ornate altar of the Wu Jian Council.
  4839 | D:6      | Noticed Eustachio
  4875 | D:6      | Killed Eustachio
  4876 | D:6      | Reached skill level 5 in Fighting
  5137 | D:6      | Reached skill level 8 in Unarmed Combat
  5164 | D:6      | Reached skill level 5 in Dodging
  5164 | D:6      | Reached XP level 9. HP: 76/88 MP: 8/8
  5273 | D:6      | Killed blackman's ghost
  5412 | D:7      | Found a hide-covered altar of Uskayaw.
  5497 | D:7      | Found a staircase to the Ecumenical Temple.
  5528 | D:7      | Noticed a gargoyle
  5538 | D:7      | Killed a gargoyle
  5778 | D:7      | Reached skill level 9 in Unarmed Combat
  5819 | D:7      | Reached skill level 5 in Armour
  6311 | D:8      | Received a gift from Trog
  6398 | D:8      | Noticed Palms's ghost (novice DrCj)
  6399 | D:8      | Noticed a troll
  6420 | D:8      | Found a runed translucent gate.
  6420 | D:8      | Found a runed translucent gate.
  6421 | D:8      | Found a runed translucent gate.
  6499 | D:8      | Reached XP level 10. HP: 87/98 MP: 9/9
  6546 | D:8      | Found a hazy altar of Hepliaklqana.
  6925 | D:8      | Found Amipia's Vocational Training.
  6966 | D:8      | Noticed a two-headed ogre
  6973 | D:8      | Killed a two-headed ogre
  6974 | D:8      | Reached skill level 10 in Unarmed Combat
  7010 | D:8      | Noticed Erica
  7019 | D:8      | Killed Erica
  7165 | D:8      | Noticed a guardian serpent
  7171 | D:8      | a guardian serpent changed into a shining eye
  7171 | D:8      | Noticed a shining eye (shapeshifter)
  7225 | D:8      | a merfolk changed into a glowing orange brain
  7225 | D:8      | Noticed a glowing orange brain (shapeshifter)
  7302 | D:8      | Killed Palms's ghost
  7303 | D:8      | Killed a glowing orange brain
  7386 | Temple   | Entered the Ecumenical Temple
  7557 | D:9      | Reached skill level 11 in Unarmed Combat
  7570 | D:9      | Reached XP level 11. HP: 107/107 MP: 10/10
  7631 | D:9      | Found a staircase to the Orcish Mines.
  8282 | D:10     | Entered Level 10 of the Dungeon
  8402 | D:10     | Found a blossoming altar of Fedhas.
  8421 | D:10     | Noticed an oklob plant
  8474 | D:10     | Noticed a two-headed ogre
  8474 | D:10     | Noticed Urug
  8482 | D:10     | Killed a two-headed ogre
  8494 | D:10     | HP: 3/163 [Urug/+2 double sword of protection (38)]
  8495 | D:10     | Killed Urug
  8500 | D:10     | HP: 14/109 [something (2)]
  8633 | D:10     | Found a snail-covered altar of Cheibriados.
  8757 | D:10     | Noticed Lodul
  8773 | D:10     | Reached skill level 12 in Unarmed Combat
  8787 | D:10     | Killed Lodul
  8956 | D:10     | Found a stormy altar of Qazlal.
  8956 | D:10     | Found a burning altar of Makhleb.
  8958 | D:10     | Found a broken altar of Ashenzari.
  9303 | D:11     | Found a staircase to the Lair.
  9552 | D:11     | Reached XP level 12. HP: 51/119 MP: 11/11
  9566 | D:11     | Noticed Harold
  9752 | D:11     | Killed Harold
 10001 | D:12     | Reached skill level 13 in Unarmed Combat
 10161 | D:12     | Noticed a boulder beetle
 10172 | D:12     | Killed a boulder beetle
 10289 | D:12     | HP: 13/120 [manticore (19)]
 10290 | D:12     | Killed from afar by a deep elf pyromancer

Illustrated notes

Levels and vault maps discovered:
D:1:      shiori_arrival_maze, layout_loops_ring,
          chequers_ecumenical_altar_simple_redux, hex_tiny
D:2:      minmay_roachtagon, layout_basic
D:3:      layout_basic, led_sif_pool, serial_glass, glass_columns_a,
          glass_columns_b, minmay_diced_spiral
D:4:      minmay_recursive_quarters, layout_layer_cave, pf_just_have_faith,
          gammafunk_temple_overflow_claw, gup_sewer_entry_bubbles, serial_shops,
          nicolae_square_shop, shop, minmay_rat_hole
D:5:      layout_loops_ring, mainiacjoe_overflow_cross_hatched,
          nicolae_dithmenos_through_a_glass_darkly, mainiacjoe_overflow_alcove_1
D:6:      layout_basic, mainiacjoe_overflow_surrounded_room,
          gammafunk_ghost_smash, uniq_eustachio
D:7:      layout_basic, nicolae_uskayaw_murder_on_the_dancefloor,
          minmay_temple_entry_grid
D:8:      layout_layer_cave, nicolae_hepliaklqana_hazy_memory,
          gammafunk_ghost_split, nicolae_shop_vocational, uniq_erica
D:9:      layout_long_grid, orc_0_dummy
D:10:     layout_basic, tgw_fedhas, general_overflow_altar,
          gammafunk_temple_overflow_forgotten, kennysheep_minor_cross,
          chequers_mini_garden, uniq_lodul, uniq_urug
D:11:     layout_rooms, due_lair_maze_entry_diamond,
          minmay_misc_feat_nine_boxes, hangedman_glass_teeth, uniq_harold
D:12:     layout_long_grid
Temple:   nicolae_temple_two_arcs

Skill      XL: |  1  2  3  4  5  6  7  8  9 10 11 12 |
---------------+-------------------------------------+-----
Armour         | 1 2 3 4 5 6 7 |  7.6
Unarmed Combat | 4 5 6 8 9 11 12 13 | 13.2
Fighting       | 3 4 5 6 7 8 |  8.2
Dodging        | 3 4 5 6 7 8 |  8.1

Action                   |  1- 3 |  4- 6 |  7- 9 | 10-12 || total
-------------------------+-------+-------+-------+-------++-------
Melee: Unarmed           |   111 |   269 |   322 |   305 ||  1007
       Punch             |     1 |     5 |    13 |    20 ||    39
Invok: Berserk           |     1 |     2 |     1 |     5 ||     9
       Trog's Hand       |       |       |       |     3 ||     3
  Use: Scroll            |       |       |       |    26 ||    26
       Potion            |       |       |       |     1 ||     1
Armor: Animal skin       |    34 |   119 |   110 |     4 ||   267
       Robe              |       |       |       |   126 ||   126
       Skin              |       |       |       |     9 ||     9
Dodge: Dodged            |    58 |   150 |   168 |   162 ||   538

Table legend: (Time is in decaauts)
 A = Elapsed time spent in this place.
 B = Non-inter-level travel time spent in this place.
 C = Inter-level travel time spent in this place.
 D = Time resting spent in this place.
 E = Time spent auto-exploring this place.
 F = Levels seen in this place.
 G = Mean time per level.
                   A        B        C        D        E       F      G
               +--------+--------+--------+--------+--------+-----+--------+
         Total |  10331 |   9909 |    422 |    314 |   7489 |  14 |  737.9 |
       Dungeon |   9647 |   9226 |    421 |    270 |   7007 |  12 |  803.9 |
        Temple |    125 |    125 |      0 |     44 |      7 |   1 |  125.0 |
         Sewer |    558 |    558 |      0 |      0 |    475 |   1 |  558.0 |
               +--------+--------+--------+--------+--------+-----+--------+

Top non-repeatable levels by time:
     D:4: 1260 daAuts
     D:8: 1133 daAuts
     D:6: 1078 daAuts
    D:10: 993 daAuts
     D:7: 899 daAuts
     D:9: 730 daAuts
     D:3: 723 daAuts
     D:1: 713 daAuts
    D:11: 683 daAuts
     D:5: 656 daAuts
   Sewer: 558 daAuts
     D:2: 475 daAuts
    D:12: 299 daAuts
  Temple: 125 daAuts
